Map: [ESL] Solaris

Players

Bunny

  • Race: Terran Terran
  • Spawn Location: 7:00

Oliveira - Winner!

  • Race: Terran Terran
  • Spawn Location: 1:00

Event: IEM Katowice 2024

VOD

Have the link to the VOD?

Description

Time

  • Played on: Feb. 8, 2024, 8:52 a.m.
  • Length: 11:29

All games in this series

Show
View Real Time Build Order
Export as new Build Order

Bunny Terran 

Build Orders: Cyclone Opening 

Get SALT Encoding   

  12  0:00  SCV  
  13  0:12  SCV  
  14  0:17  Supply Depot  
  14  0:24  SCV  
  15  0:39  SCV  
  15  0:40  Barracks  
  15  0:42  Refinery  
  16  0:51  SCV  
  16  0:52  Refinery  
  17  1:03  SCV  
  18  1:15  SCV  
  19  1:27  Orbital Command, Reaper  
  19  1:30  Supply Depot  
  20  1:39  Factory  
  20  1:52  SCV  
  21  1:59  Reaper  
  22  2:04  SCV  
  23  2:14  Command Center  
  23  2:16  SCV  
  24  2:23  Cyclone  
  24  2:28  SCV  
  27  2:36  Starport  
  27  2:41  SCV  
  28  2:45  Supply Depot  
  28  2:47  Barracks Reactor  
  28  2:53  SCV  
  31  3:05  SCV  
  31  3:07  Cyclone  
  32  3:13  Medivac  
  32  3:18  SCV  
  35  3:23  Marine  
  35  3:24  Marine  
  35  3:26  Orbital Command  
  37  3:30  SCV  
  37  3:33  Refinery  
  38  3:39  Cyclone  
  40  3:41  Marine x2  
  40  3:42  SCV  
  40  3:44  Starport Tech Lab  
  43  3:51  SCV  
  43  3:54  SCV  
  45  3:57  Supply Depot  
  45  4:03  Raven  
  45  4:04  SCV  
  45  4:06  SCV  
  49  4:12  Factory Tech Lab  
  49  4:16  SCV  
  50  4:18  SCV  
  50  4:21  Command Center  
  51  4:28  SCV  
  51  4:30  SCV  
  51  4:31  Siege Tank  
  56  4:39  Raven  
  56  4:40  SCV  
  56  4:42  SCV  
  62  4:48  Supply Depot x2  
  60  4:53  SCV  
  60  4:54  SCV  
  60  4:56  Interference Matrix  
  62  5:03  Supply Depot  
  62  5:09  Marine x2  
  62  5:10  Siege Tank, SCV x2  
  62  5:11  Barracks  
  69  5:17  Raven  
  69  5:18  Barracks  
  71  5:22  SCV x2  
  71  5:27  Engineering Bay  
  73  5:28  Engineering Bay  
  73  5:29  Refinery  
  73  5:37  Orbital Command, SCV  
  73  5:38  SCV  
  75  5:50  Siege Tank  
  75  5:52  SCV x2  
  80  5:57  Terran Infantry Weapons Level 1, Terran Infantry Armor Level 1  
  80  6:01  Marine  
  80  6:02  Marine  
  82  6:05  Barracks, SCV x2  
  82  6:08  Orbital Command  
  82  6:09  Starport Reactor  
  84  6:11  Barracks Tech Lab  
  84  6:12  Marine  
  84  6:13  Barracks  
  84  6:14  Stimpack  
  84  6:17  SCV x2  
  87  6:19  Marine x2  
  87  6:22  Supply Depot  
  87  6:23  Supply Depot  
  89  6:26  Siege Tank  
  89  6:29  SCV x2  
  89  6:32  Supply Depot  
  94  6:33  Supply Depot  
  94  6:34  SCV  
  95  6:41  SCV x2  
  95  6:44  Marine x3  
  95  6:46  SCV  
  99  6:52  Refinery  
  99  6:53  SCV x2, Refinery  
  101  6:57  Barracks Reactor  
  101  6:58  Sensor Tower, SCV  
  102  7:03  Combat Shield  
  102  7:06  SCV x2  
  104  7:08  Marine x3  
  104  7:09  Marine  
  104  7:11  SCV  
  109  7:26  Marine, SCV x3  
  109  7:28  Viking  
  109  7:29  Siege Tank, Marine x3  
  95  7:35  Marine x2  
  98  7:41  Liberator  
  98  7:44  Marine  
  94  7:46  Orbital Command  
  94  7:47  Marine x3  
  98  7:52  SCV  
  98  7:53  Supply Depot  
  98  7:58  Liberator  
  99  8:11  SCV x3  
  102  8:14  Marine x4  
  102  8:18  Marine  
  102  8:19  Marine  
  108  8:22  Siege Tank  
  108  8:24  Medivac  
  108  8:25  SCV x3  
  116  8:37  SCV x3, Marine x5  
  116  8:41  Medivac  
  126  8:42  Refinery  
  126  8:44  Barracks Reactor  
  126  8:45  Supply Depot x2  
  126  8:54  Siege Tank, SCV x3  
  132  8:58  Supply Depot  
  132  9:01  Armory  
  132  9:05  Marine x3  
  132  9:06  Marine  
  132  9:07  Medivac  
  136  9:11  Medivac  
  136  9:15  Missile Turret  
  135  9:19  Marine x2  
  135  9:23  Marine x2  
  139  9:26  SCV x3  
  139  9:29  Siege Tank, Supply Depot x2  
  145  9:31  Marine  
  145  9:32  Marine x3  
  145  9:36  Marine  
  145  9:37  Viking  
  152  9:42  Supply Depot  
  152  9:43  Viking  
  154  9:46  Marine x2  
  154  9:49  Marine x2  
  153  9:54  SCV x3  
  153  9:57  Marine x2  
  135  10:09  SCV x3  
  135  10:11  Marine x5  
  135  10:19  Siege Tank  
  135  10:21  SCV x2  
  140  10:29  SCV  
  140  10:30  Marine x6  
  140  10:33  SCV x2  
  149  10:35  Barracks Reactor  
  149  10:41  SCV  
  150  10:45  SCV x2  
  147  11:04  Marine x7  
  147  11:05  Command Center  
Show
View Real Time Build Order
Export as new Build Order

Oliveira Terran - Winner!

Build Orders:  

Get SALT Encoding   

  12  0:00  SCV  
  13  0:12  SCV  
  14  0:17  Supply Depot  
  14  0:25  SCV  
  15  0:39  SCV  
  15  0:40  Barracks  
  16  0:44  Refinery  
  16  0:51  SCV  
  16  0:52  Refinery  
  17  1:03  SCV  
  18  1:15  SCV  
  19  1:28  Orbital Command, Reaper  
  19  1:30  Supply Depot  
  20  1:42  Factory  
  20  1:53  SCV  
  21  2:00  Barracks Reactor  
  21  2:05  SCV  
  22  2:18  Command Center  
  22  2:21  SCV  
  23  2:26  Hellion  
  25  2:33  SCV  
  25  2:37  Reaper x2  
  28  2:40  Supply Depot  
  28  2:45  SCV  
  28  2:49  Hellion  
  31  2:57  SCV  
  31  3:04  Starport  
  31  3:09  Reaper x2  
  31  3:10  SCV  
  34  3:20  Hellion  
  34  3:22  SCV  
  37  3:41  Marine  
  38  3:42  Cyclone, Marine  
  38  3:44  Orbital Command  
  38  3:46  Medivac  
  38  3:48  SCV  
  44  3:54  Supply Depot  
  44  3:59  Marine  
  44  4:00  SCV, Marine  
  45  4:10  SCV  
  45  4:12  SCV  
  45  4:15  Factory Tech Lab  
  47  4:19  Starport Tech Lab  
  47  4:23  SCV  
  48  4:24  SCV  
  48  4:28  Command Center  
  49  4:33  Siege Tank  
  49  4:35  SCV  
  55  4:38  Raven  
  55  4:39  SCV  
  55  4:41  Supply Depot  
  55  4:45  Refinery  
  56  4:46  Interference Matrix  
  56  4:48  SCV  
  56  4:51  SCV  
  58  4:57  Supply Depot  
  58  4:58  Marine x2  
  60  5:00  SCV  
  60  5:03  SCV  
  62  5:12  SCV  
  62  5:13  Raven  
  65  5:15  SCV  
  65  5:17  Supply Depot, Marine x2  
  68  5:24  SCV  
  68  5:27  SCV  
  68  5:28  Siege Tank  
  73  5:32  Barracks  
  72  5:37  Barracks, SCV  
  72  5:38  Marine x2  
  72  5:39  SCV  
  72  5:41  Orbital Command  
  74  5:49  SCV  
  73  5:51  SCV  
  74  5:59  Marine x2  
  74  6:00  Siege Tank, Refinery  
  74  6:01  SCV  
  80  6:04  Engineering Bay x2  
  80  6:11  Starport Reactor  
  80  6:12  SCV  
  80  6:13  Orbital Command, SCV  
  82  6:20  Marine x2  
  82  6:21  Barracks x2  
  82  6:24  SCV  
  82  6:25  SCV  
  86  6:29  Marine  
  86  6:30  Stimpack  
  87  6:34  Barracks Reactor, Terran Infantry Weapons Level 1, Terran Infantry Armor Level 1  
  87  6:36  Supply Depot  
  87  6:37  SCV  
  88  6:40  Marine  
  88  6:46  SCV x2  
  91  6:47  Marine  
  91  6:49  Siege Tank  
  91  6:51  SCV  
  91  6:53  Supply Depot, Marine  
  97  6:58  SCV  
  97  6:59  SCV  
  97  7:00  Marine  
  100  7:02  Supply Depot  
  100  7:03  SCV  
  100  7:06  Viking  
  100  7:07  Viking  
  103  7:11  SCV  
  103  7:13  SCV  
  103  7:15  SCV  
  102  7:26  Marine  
  102  7:27  Marine  
  102  7:29  SCV  
  95  7:30  Marine  
  95  7:32  SCV, Marine  
  95  7:33  SCV  
  95  7:35  Marine  
  92  7:43  Viking x2  
  92  7:44  SCV x2, Marine  
  98  7:45  SCV  
  98  7:46  Armory  
  98  7:48  Barracks Reactor  
  98  7:49  Barracks Reactor  
  99  7:56  SCV x2  
  99  7:57  Siege Tank, SCV  
  104  7:59  Marine  
  104  8:03  Marine  
  106  8:08  SCV x2, Marine  
  106  8:09  Marine, SCV  
  106  8:12  Combat Shield, Marine  
  103  8:15  Refinery x2  
  103  8:16  Supply Depot  
  103  8:17  Medivac  
  103  8:19  Marine  
  106  8:20  SCV  
  106  8:21  Marine, SCV x2  
  106  8:23  Medivac  
  106  8:26  Marine x4  
  117  8:28  Marine  
  117  8:29  Marine  
  117  8:31  Marine  
  117  8:33  SCV  
  121  8:37  SCV x2  
  121  8:39  Terran Infantry Weapons Level 2  
  121  8:40  Marine  
  121  8:41  Marine  
  125  8:42  Supply Depot  
  125  8:45  Supply Depot  
  125  8:51  Terran Infantry Armor Level 2  
  125  8:52  Command Center, Marine x3  
  128  8:56  Marine x3  
  128  8:57  SCV  
  128  9:02  Marine  
  131  9:04  Marine  
  131  9:06  Siege Tank, Marine  
  131  9:07  SCV  
  131  9:09  SCV  
  139  9:10  Marine x3  
  139  9:13  Medivac x2  
  139  9:15  SCV  
  145  9:18  Marine x2  
  145  9:22  Supply Depot x2  
  147  9:26  Marine x2  
  147  9:28  Missile Turret  
  149  9:40  Sensor Tower  
  149  9:43  Marine x5  
  149  9:44  Marine  
  155  9:45  Marine  
  155  9:47  Siege Tank, Marine  
  155  9:50  Marine  
  154  10:01  Marine x4  
  154  10:04  Marine x3  
  154  10:05  Marine  
  156  10:09  Medivac x2  
  141  10:19  Marine x4  
  145  10:22  Marine x2  
  145  10:23  Siege Tank  
  145  10:24  Factory  
  149  10:31  Marine x2  
  151  10:36  Barracks Reactor  
  151  10:37  Marine x2  
  151  10:39  Marine  
  151  10:40  Marine  
  151  10:42  Planetary Fortress  
  155  10:44  Marine  
  155  10:45  Sensor Tower  
  155  10:46  Marine  
  155  10:47  Missile Turret  
  157  10:51  Marine  
  157  10:55  Marine x2  
  157  10:56  Marine  
  160  10:57  Marine x2  
  160  10:58  Medivac  
  160  10:59  Medivac  
  160  11:00  SCV  
  168  11:04  SCV  
  168  11:05  Missile Turret  
  168  11:06  Marine  
  168  11:09  Marine  

Tags
 
Add a new tag
Caveats
  • Supply blocks, unpowered buildings, or Contaminate may cause inaccurate times.
  • Supply counts are checked every 10 seconds.